 Dungeon Crawl Stone Soup version 0.21-a0-460-g737a915 (webtiles) character file.

23 kiturien the Insei (level 2, -3/18 HPs)
             Began as an Octopode Transmuter on Nov 20, 2017.
             Killed from afar by an orc wizard (11 damage)
             ... with a magic dart
             ... on level 2 of the Dungeon.
             The game lasted 00:04:08 (1380 turns).

kiturien the Insei (Octopode Transmuter)            Turns: 1380, Time: 00:04:09

Health: -3/18      AC:  1    Str:  9    XL:     2   Next: 95%
Magic:  3/5        EV: 13    Int: 15    God:
Gold:   54         SH:  0    Dex: 12    Spells: 2/5 levels left

rFire    . . .     SeeInvis .   e - +0 dagger
rCold    . . .     Gourm    .   (no shield)
rNeg     . . .     Faith    .   (helmet restricted)
rPois    .         Spirit   .   (no amulet)
rElec    .         Reflect  .   (no ring)
rCorr    .         Harm     .   (no ring)
MR       .....                  (no ring)
Stlth    ++........             (no ring)
HPRegen  0.06/turn              (no ring)
MPRegen  0.09/turn              (no ring)
                                (no ring)
                                (no ring)

@: no status effects
A: almost no armour, stealthy swim, amphibious, 8 rings, constrict 8, camouflage
1, gelatinous body 1
a: no special abilities


You were on level 2 of the Dungeon.
You were near starving.

You visited 1 branch of the dungeon, and saw 2 of its levels.

You collected 54 gold pieces.

Inventory:

Hand Weapons
 e - a +0 dagger (weapon)
Missiles
 a - 9 arrows (quivered)
Scrolls
 f - a scroll of magic mapping {unknown}
 i - a scroll of identify {unknown}
Books
 b - a book of Changes

   Spells                             Type                      Level
   a - Beastly Appendage              Transmutation                1
   b - Sticks to Snakes               Transmutation                2
   c - Spider Form                    Transmutation/Poison         3
   d - Ice Form                       Ice/Transmutation            4
   e - Blade Hands                    Transmutation                5
Comestibles
 c - 2 bread rations
 d - 2 royal jellies
 g - a meat ration


   Skills:
 + Level 1.0 Fighting
 + Level 0.1 Short Blades
 + Level 2.0 Dodging
 + Level 0.6 Stealth
 + Level 3.3 Unarmed Combat
 + Level 2.4 Spellcasting
 + Level 2.2 Transmutations


You had 2 spell levels left.
You knew the following spells:

 Your Spells              Type           Power        Failure   Level  Hunger
a - Beastly Appendage     Tmut           #.....       9%          1    #......
b - Sticks to Snakes      Tmut           #.......     13%         2    ###....


Dungeon Overview and Level Annotations

Branches:
Dungeon (2/15)

Altars:


Innate Abilities, Weirdness & Mutations

You cannot wear most types of armour.
You are very stealthy in the water. (Stealth+)
You are amphibious.
You can wear up to eight rings at the same time.
You can use your tentacles to constrict eight enemies at once.
Your skin changes colour to match your surroundings (Stealth+).
Your rubbery body absorbs attacks. (AC +1, EV +1)


Message History

Casting: Sticks to Snakes
Confirm with . or Enter, or press ? or * to list all spells.
You create a snake!
You now have 9 arrows.
You hit the orc wizard but do no damage.
Your grab misses the orc wizard.
The orc wizard is moderately wounded.
The orc wizard closely misses you.
The orc wizard miscasts a cantrip.
You hit the orc wizard but do no damage.
Your grab misses the orc wizard.
The orc wizard is moderately wounded.
Your adder bites the orc wizard but does no damage.
The orc wizard misses you.
Your adder closely misses the orc wizard.
You hit the orc wizard. Your grab misses the orc wizard.
The orc wizard is moderately wounded.
The orc wizard gestures at you while chanting.
The magic dart hits you!
Ouch! That really hurt!
You die...

########### #####
#.........# ....#
#.........# ....#
#.........# ....#
#.........# ...(#
#.........#
....####........@######
................Soooo>#
....####.############.#
....# #.# #.# ....# #.#
#.# ....# #.# #.# #####
#.# #o# #.# #o# #.# #.#


You could see 2 orc wizards, 2 orcs and a friendly adder.

Vanquished Creatures
  An adder (D:2)
  A ball python (D:1)
  A giant cockroach (D:2)
  A goblin (D:1)
  2 hobgoblins (D:1)
  A kobold (D:2)
  2 bats
  A frilled lizard (D:1)
  2 rats (D:2)
12 creatures vanquished.

Vanquished Creatures (collateral kills)
  A leopard gecko (D:2)
  A kobold (D:2)
2 creatures vanquished.

Grand Total: 14 creatures vanquished

Notes
Turn   | Place    | Note
-------+----------+-------------------------------------------
     0 | D:1      | kiturien the Octopode Transmuter began the quest for the Orb.
     0 | D:1      | Reached XP level 1. HP: 13/13 MP: 3/3
   527 | D:1      | Reached XP level 2. HP: 15/18 MP: 3/5
  1244 | D:2      | Learned a level 2 spell: Sticks to Snakes
  1380 | D:2      | Killed from afar by an orc wizard

Vault maps used:
D:1:      scummos_arrival_hexagon
D:2:      minmay_misc_feat_four_crosses, grunt_qazlal_sundering

Action                   || total
-------------------------++-------
Melee: Dagger            ||    38
       Constrict         ||    10
       Unarmed           ||     2
       Tentacles         ||     4
       Kick              ||     3
       Punch             ||     1
 Cast: Beastly Appendage ||     7
       Sticks to Snakes  ||     3
  Use: Potion            ||     2
       Scroll            ||     1
 Stab: Sleeping          ||     2
Armor: Skin              ||     5
Dodge: Dodged            ||    20

Table legend:
 A = Spawn XP
 B = Non-spawn XP
 C = Spawn XP percentage of total XP
 D = Spawn monster count
 E = Non-spawn monster count
 F = Spawn count percentage of total count
 G = Total turns spent on level
                    A         B        C        D         E        F      G
               +---------+---------+-------+---------+---------+-------+---------
         Total |       0 |      33 |   0.0 |       0 |      14 |   0.0 |  1380
               +---------+---------+-------+---------+---------+-------+---------
           D:1 |       0 |      10 |   0.0 |       0 |       6 |   0.0 |   818
           D:2 |       0 |      23 |   0.0 |       0 |       8 |   0.0 |   562
               +---------+---------+-------+---------+---------+-------+---------
